 Dungeon Crawl Stone Soup version 0.24.0-123-gd5b16e6ec5 (webtiles) character file.

Game seed: 5346920008606535140, levelgen mode: deterministic

3206 Delamore the Severer (level 9, -2/70 HPs)
             Began as a Hill Orc Fighter on Dec 25, 2019.
             Was a Believer of Okawaru.
             Slain by an orc warrior
             ... wielding a cursed -1 dire flail
              (14 damage)
             ... on level 8 of the Dungeon.
             The game lasted 00:06:55 (5691 turns).

Delamore the Severer (Hill Orc Fighter)             Turns: 5691, Time: 00:06:55

Health: -2/70      AC: 15    Str: 22    XL:     9   Next: 97%
Magic:  18/18      EV:  4    Int:  8    God:    Okawaru [**....]
Gold:   419        SH:  9    Dex: 10    Spells: 8/8 levels left

rFire    . . .     SeeInvis .   a - +0 war axe
rCold    . . .     Gourm    .   c - +0 shield
rNeg     . . .     Faith    +   x - +0 plate armour
rPois    .         Spirit   .   l - +0 helmet
rElec    .         Reflect  .   k - +2 cloak
rCorr    .         Harm     .   (no gloves)
MR       .....     Rnd*Tele +   (no boots)
Stlth    ..........             t - amulet of faith
HPRegen  0.21/turn              y - ring of magical power
MPRegen  0.16/turn              z - ring of teleportation (curse)

@: no status effects
A: no striking features
a: Heroism, Renounce Religion


You were on level 8 of the Dungeon.
You worshipped Okawaru.
Okawaru was pleased with you.
You were not hungry.

You visited 2 branches of the dungeon, and saw 9 of its levels.

You collected 419 gold pieces.

Inventory:

Hand Weapons
 a - a +0 war axe (weapon)
Missiles
 o - a throwing net (quivered)
Armour
 b - a +0 scale mail
 c - a +0 shield (worn)
 k - a +2 cloak (worn)
 l - a +0 helmet (worn)
 x - a +0 plate armour (worn)
Jewellery
 t - an amulet of faith (around neck)
 y - a ring of magical power (left hand)
 z - a cursed ring of teleportation (right hand)
Wands
 i - a wand of polymorph (4)
 p - a wand of iceblast (11)
Scrolls
 e - 5 scrolls of teleportation
 h - 5 scrolls of identify
 n - a scroll of noise {unknown}
 q - a scroll of fog {unknown}
 s - 2 scrolls of fear {unknown}
 v - a scroll of enchant armour {unknown}
 w - a scroll of enchant weapon {unknown}
 A - a scroll of brand weapon {unknown}
 C - a scroll of remove curse
Potions
 d - a potion of might
 g - 3 potions of heal wounds
 j - a potion of agility
 m - 2 potions of curing
 r - a potion of brilliance
 u - a potion of haste {unknown}
Comestibles
 f - 13 rations
 B - 2 chunks of flesh


   Skills:
 - Level 3.6 Fighting
 + Level 16.6 Axes
 - Level 3.2 Armour
 - Level 3.2 Shields


You had 8 spell levels left.
You didn't know any spells.
Your spell library contained the following spells:

 Spells                   Type           Power        Failure   Level  Hunger
 Freeze                   Ice            #...         100%        1    ##.....
 Magic Dart               Conj           #...         100%        1    ##.....
 Blink                    Tloc           N/A          100%        2    ###....
 Call Imp                 Summ           #.......     100%        2    ###....
 Slow                     Hex            #.......     100%        2    ###....
 Throw Frost              Conj/Ice       #.....       100%        2    ###....
 Conjure Flame            Conj/Fire      #.......     100%        3    ####...
 Mephitic Cloud           Conj/Pois/Air  #.......     100%        3    ####...
 Ozocubu's Armour         Chrm/Ice       #.......     100%        3    ####...
 Summon Ice Beast         Ice/Summ       #.......     100%        4    #####..
 Throw Icicle             Conj/Ice       #.......     100%        4    #####..


Dungeon Overview and Level Annotations

Branches:
Dungeon (8/15)             Temple (1/1) D:4
   Lair: D:8-11

Altars:
Ashenzari
Cheibriados
Dithmenos
Elyvilon
Fedhas
Gozag
Hepliaklqana
Kikubaaqudgha
Nemelex Xobeh
Okawaru
Qazlal
Ru
Sif Muna
Trog
Uskayaw
Vehumet
Wu Jian
Xom
Yredelemnul
Zin
The Shining One

Shops:
D:6 !

Annotations:
D:4 2 transporters, Sphyrna's ghost, amateur HOMo


Message History

The orc warrior is almost dead.
The orc warrior hits you but does no damage.
You closely miss the orc warrior.
The orc warrior is almost dead.
You hit the orc warrior.
The orc warrior is almost dead.
The orc warrior hits you but does no damage.
You hit the orc warrior.
The orc warrior is almost dead.
The orc warrior hits you with a cursed -1 dire flail.
You closely miss the orc warrior.
The orc warrior is almost dead.
The orc warrior hits you with a cursed -1 dire flail!
* * * LOW HITPOINT WARNING * * *
You hit the orc warrior but do no damage.
The orc warrior is almost dead.
You hit the orc warrior but do no damage.
The orc warrior is almost dead.
The orc warrior hits you with a cursed -1 dire flail!
You die...

# ########## ...
.........# ######o..##
.........# #..@ooo....
.........#####[#####....
..>................... .
.........#####.#.###..
.........# #)....
...).....# ###..##
.........# ..#
####+##### ##


You could see an orc warrior, an orc wizard and 2 orcs.

Vanquished Creatures
  Pikel (D:5)
  A gargoyle (D:8)
  A hippogriff (D:7)
  Sigmund (D:5)
  Menkaure (D:5)
  A water moccasin (D:7)
  2 sky beasts
  A phantom (D:5)
  5 ogres
  Blork the orc (D:5)
  3 bullfrogs
  A wyvern skeleton (D:6)
  3 scorpions
  A howler monkey (D:4)
  4 crimson imps
  A bullfrog zombie (D:5)
  A quasit (D:6)
  3 hounds
  An orc wizard (D:7)
  A centaur skeleton (D:4)
  An iguana (D:7)
  5 worker ants
  A killer bee zombie (D:7)
  Robin (D:2)
  6 adders
  4 gnolls
  A howler monkey skeleton (D:5)
  A shadow imp (D:5)
  3 adder skeletons
  3 worms
  A dart slug (D:1)
  8 leopard geckos
  13 orcs
  3 ball pythons
  4 giant cockroaches
  20 goblins
  6 hobgoblins
  8 jackals
  5 quokkas
  11 bats
  5 frilled lizards
  5 kobolds
  A leopard gecko zombie (D:6)
  4 quokka skeletons
  13 rats
167 creatures vanquished.

Notes
Turn   | Place    | Note
-------+----------+-------------------------------------------
     0 | D:1      | Delamore the Hill Orc Fighter began the quest for the Orb.
     0 | D:1      | Reached XP level 1. HP: 19/19 MP: 1/1
    39 | D:1      | Reached skill level 3 in Axes
   157 | D:1      | Reached XP level 2. HP: 22/26 MP: 2/2
   244 | D:1      | Reached skill level 4 in Axes
   523 | D:1      | Reached XP level 3. HP: 30/31 MP: 3/3
   568 | D:2      | Noticed Robin
   573 | D:2      | Reached skill level 5 in Axes
   585 | D:2      | Killed Robin
   585 | D:2      | Reached XP level 4. HP: 24/39 MP: 4/4
   617 | D:2      | Found an opulent altar of Gozag.
   690 | D:2      | Reached skill level 6 in Axes
   911 | D:2      | Found a shattered altar of Ashenzari.
  1099 | D:3      | Found a glowing silver altar of Zin.
  1100 | D:3      | Found an opulent altar of Gozag.
  1263 | D:3      | Found a sparkling altar of Nemelex Xobeh.
  1265 | D:3      | Found a shimmering altar of Xom.
  1266 | D:3      | Found a shadowy altar of Dithmenos.
  1266 | D:3      | Found an ancient bone altar of Kikubaaqudgha.
  1267 | D:3      | Found a glowing golden altar of the Shining One.
  1280 | D:3      | Found a basalt altar of Yredelemnul.
  1399 | D:3      | Reached XP level 5. HP: 44/45 MP: 5/5
  1502 | D:3      | Found a sacrificial altar of Ru.
  1787 | D:4      | Found a transporter.
  1787 | D:4      | Found a staircase to the Ecumenical Temple.
  1787 | D:4      | Noticed a phantom
  1799 | Temple   | Entered the Ecumenical Temple
  1815 | Temple   | Reached skill level 7 in Axes
  1940 | D:4      | Noticed an ogre
  1942 | D:4      | Noticed an ogre
  2072 | D:3      | Reached skill level 8 in Axes
  2072 | D:3      | Reached XP level 6. HP: 40/51 MP: 6/6
  2400 | D:3      | Reached skill level 9 in Axes
  2428 | D:4      | Noticed Sphyrna's ghost (amateur HOMo)
  2437 | D:4      | Reached XP level 7. HP: 27/57 MP: 7/7
  2536 | D:4      | Reached skill level 10 in Axes
  2726 | D:4      | Found a transporter.
  2850 | D:5      | Entered Level 5 of the Dungeon
  2857 | D:5      | Noticed Menkaure
  3170 | D:5      | Killed Menkaure
  3170 | D:5      | Reached skill level 11 in Axes
  3212 | D:5      | Reached XP level 8. HP: 42/64 MP: 8/8
  3463 | D:5      | Reached skill level 12 in Axes
  3465 | D:5      | Noticed Sigmund
  3485 | D:5      | Killed Sigmund
  3568 | D:5      | Noticed Blork the orc
  3579 | D:5      | Killed Blork the orc
  3620 | D:5      | Noticed Pikel
  3638 | D:5      | Killed Pikel
  3638 | D:5      | Reached skill level 13 in Axes
  3666 | D:5      | Found an iron altar of Okawaru.
  3679 | D:5      | Became a worshipper of Warmaster Okawaru
  3708 | D:5      | Reached skill level 14 in Axes
  3708 | D:5      | Reached XP level 9. HP: 66/70 MP: 9/9
  3766 | D:5      | Found an ancient bone altar of Kikubaaqudgha.
  4293 | D:6      | Reached skill level 15 in Axes
  4391 | D:6      | Found Gaetar's Distillery.
  4526 | D:6      | Reached * piety under Okawaru
  4943 | D:7      | Found a snail-covered altar of Cheibriados.
  5339 | D:7      | Reached skill level 16 in Axes
  5635 | D:8      | Noticed a gargoyle
  5645 | D:8      | Killed a gargoyle
  5645 | D:8      | Reached ** piety under Okawaru
  5691 | D:8      | Slain by an orc warrior

Levels and vault maps discovered:
D:1:      minmay_arrival_wavy_path, layout_basic
D:2:      layout_rooms, old_standard_altar, grunt_gozag_statues, uniq_robin
D:3:      minmay_general_purpose_star, layout_rooms,
          grunt_temple_overflow_gold_and_silver, grunt_temple_overflow_open,
          old_standard_altar, kennysheep_cluttered_room,
          minmay_randomly_rotated_circles
D:4:      layout_cave_pools, minmay_temple_entry_trees, gammafunk_ghost_arena,
          first_ration, eino_tiny_chamber
D:5:      layout_cave_pools, okawaru_trees_2, basic_altar, roderic_malta_cross,
          minmay_misc_feat_hallway, kennysheep_big_empty_room,
          minmay_liquid_box, serial_bayou_pond_b, hangedman_decor_push,
          st_stairs_14, uniq_pikel, uniq_blork_the_orc, uniq_sigmund,
          uniq_menkaure
D:6:      layout_basic, serial_shops, shop
D:7:      layout_cave_pods, basic_altar
D:8:      layout_basic, grunt_livestock, minivault_24
Temple:   eino_temple_lava

Skill      XL: |  1  2  3  4  5  6  7  8  9 |
---------------+----------------------------+-----
Axes           | 3 4 5 6 8 9 11 14 16 | 16.6
Fighting       | |  3.6
Armour         | |  3.2
Shields        | |  3.2

Action                   |  1- 3 |  4- 6 |  7- 9 || total
-------------------------+-------+-------+-------++-------
Melee: War axe           |    77 |   176 |   332 ||   585
Throw: Throwing net      |       |       |     1 ||     1
  Use: Scroll            |       |     4 |     4 ||     8
  Eat: Chunk             |       |     5 |    11 ||    16
Armor: Scale mail        |    52 |   111 |    50 ||   213
       Plate armour      |       |       |    80 ||    80
Dodge: Dodged            |    45 |    84 |    58 ||   187
Block: Shield            |    60 |   104 |   112 ||   276
